 Dungeon Crawl Stone Soup version 0.19-a0-277-g85cb9a5 (webtiles) character file.

1292 ololoev the Conjurer (level 8, -6/41 HPs)
             Began as a Deep Elf Fire Elementalist on May 26, 2016.
             Was a Believer of Vehumet.
             Mangled by a troll (14 damage)
             ... on level 9 of the Dungeon.
             The game lasted 00:14:07 (1995 turns).

ololoev the Conjurer (Deep Elf Fire Elementalist)   Turns: 1995, Time: 00:14:08

Health: -6/41      AC:  3    Str:  5    XL:     8   Next: 30%
Magic:  3/20       EV: 13    Int: 23    God:    Vehumet [**....]
Gold:   179        SH:  0    Dex: 15    Spells: 4 memorised, 8 levels left

rFire  . . .     SeeInvis .     s - +0 whip (elec)
rCold  . . .     Gourm    .     a - +0 robe
rNeg   . . .     Faith    .     (no shield)
rPois  .         Spirit   .     (no helmet)
rElec  .         Dismiss  .     (no cloak)
rCorr  .         Reflect  .     (no gloves)
SustAt .         Harm     .     m - +0 pair of boots
MR     .....                    (no amulet)
Stlth  ++........               (no ring)
                                i - ring of wizardry

@: not resistant to hostile enchantments, unstealthy
A: no striking features
a: Renounce Religion

Inventory:

Hand Weapons
 s - a +0 whip of electrocution (weapon)
Armour
 a - a +0 robe (worn)
 m - a +0 pair of boots (worn)
Jewellery
 i - a ring of wizardry (left hand)
Wands
 q - a wand of iceblast (2/15)
 v - a wand of iceblast (7/15)
Scrolls
 d - a scroll of immolation {unknown}
 g - 5 scrolls of identify {unknown}
 h - a scroll of fog {unknown}
 l - a scroll of recharging {unknown}
 n - a scroll of enchant armour {unknown}
 t - a scroll of noise {unknown}
 u - a scroll of silence {unknown}
Potions
 e - 2 potions of curing
 f - a potion of degeneration {unknown}
 k - a potion of ambrosia {unknown}
 p - 2 potions of might {unknown}
 w - a potion of flight {unknown}
Books
 b - a book of Flames

   Spells                             Type                      Level
   a - Flame Tongue                   Conjuration/Fire             1
   b - Throw Flame                    Conjuration/Fire             2
   c - Conjure Flame                  Conjuration/Fire             3
   d - Inner Flame                    Hexes/Fire                   3
   e - Sticky Flame                   Conjuration/Fire             4
   f - Fireball                       Conjuration/Fire             5
 j - a book of the Sky

   Spells                             Type                      Level
   a - Summon Lightning Spire         Summoning/Air                4
   b - Airstrike                      Air                          4
   c - Silence                        Hexes/Air                    5
   d - Deflect Missiles               Charms/Air                   6
   e - Conjure Ball Lightning         Conjuration/Air              6
   f - Tornado                        Air                          9
Comestibles
 c - 2 bread rations
 o - 2 meat rations
 r - 7 chunks of flesh


   Skills:
 - Level 2.4 Dodging
 - Level 2.4 Stealth
 + Level 7.0 Spellcasting
 * Level 7.9 Conjurations
 + Level 6.4 Fire Magic


You had 8 spell levels left.
You knew the following spells:

 Your Spells              Type           Power        Failure   Level  Hunger
a - Flame Tongue          Conj/Fire      #####        1%          1    None
b - Conjure Flame         Conj/Fire      #####...     1%          3    None
c - Sticky Flame          Conj/Fire      #####...     2%          4    ###....
d - Fireball              Conj/Fire      #####.....   6%          5    #####..


You were on level 9 of the Dungeon.
You worshipped Vehumet.
Vehumet was pleased with you.
You were hungry.

You visited 1 branch of the dungeon, and saw 9 of its levels.

You collected 179 gold pieces.

#####.###### ##.#
#### #.# ##..#
.... #.# ##..##
### #.# #..##
...######.#####
#.........#....
##..####.........
...%.............
##...##@####.....
#.# #T.# #####
.#...##
#######.#O.#
#..........#
#...........
###...)÷.[....
##.†...).......
##..#......o....

Notes
Turn   | Place    | Note
--------------------------------------------------------------
     0 | D:1      | ololoev the Deep Elf Fire Elementalist began the quest for the Orb.
     0 | D:1      | Reached XP level 1. HP: 10/10 MP: 6/6
    91 | D:1      | Reached XP level 2. HP: 15/15 MP: 2/8
   222 | D:3      | Reached XP level 3. HP: 19/19 MP: 3/10
   228 | D:3      | Learned a level 3 spell: Conjure Flame
   292 | D:3      | Found a shimmering altar of Xom.
   292 | D:3      | Found a radiant altar of Vehumet.
   298 | D:3      | Became a worshipper of Vehumet
   662 | D:5      | Entered Level 5 of the Dungeon
   768 | D:4      | Reached XP level 4. HP: 19/24 MP: 0/11
   777 | D:4      | Learned a level 4 spell: Sticky Flame
   801 | D:3      | Noticed herpmino's ghost (amateur FoFi)
   891 | D:4      | Reached XP level 5. HP: 23/28 MP: 4/13
   969 | D:4      | Reached * piety under Vehumet
   969 | D:4      | Offered knowledge of Sting by Vehumet.
  1083 | D:5      | Found a hazy altar of Hepliaklqana.
  1238 | D:8      | Noticed a hippogriff
  1252 | D:8      | Killed a hippogriff
  1252 | D:8      | Reached skill level 5 in Spellcasting
  1252 | D:8      | Reached skill level 5 in Conjurations
  1252 | D:8      | Reached skill level 5 in Fire Magic
  1252 | D:8      | Reached XP level 6. HP: 19/32 MP: 0/15
  1339 | D:8      | Reached XP level 7. HP: 4/36 MP: 10/17
  1605 | D:9      | Learned a level 5 spell: Fireball
  1740 | D:9      | Reached XP level 8. HP: 9/41 MP: 3/19
  1819 | D:8      | Found a stormy altar of Qazlal.
  1912 | D:9      | Reached ** piety under Vehumet
  1923 | D:9      | Offered knowledge of Sandblast by Vehumet.
  1989 | D:9      | Noticed a troll
  1995 | D:9      | Mangled by a troll

Dungeon Overview and Level Annotations

Branches:
Dungeon (9/15)
 Temple: D:4-7         Lair: D:8-11         Orc: D:9-12

Altars:
Hepliaklqana
Qazlal
Vehumet
Xom

Annotations:
D:3 herpmino's ghost, amateur FoFi


Message History

You butcher the orc corpse.
r - 10 chunks of flesh (gained 4)
You see here a falchion.
Things that are here:
a dagger; a robe; an orc corpse You see here a falchion.
Things that are here:
a leather armour; an orc corpse
Found a stone staircase leading up.
Found a stone staircase leading down.
There is a stone staircase leading up here.
You climb upwards. 3 jackals and a necrophage come into view.
Found 20 bolts.
There is a stone staircase leading down here.
You climb downwards.
There is a stone staircase leading up here.
Some of the chunks of flesh in your inventory have rotted away.
A sky beast comes into view.
The sky beast flickers out of sight!
Deactivating autopickup; reactivate with Ctrl-A.
Found a slice of pizza.
Casting: Sticky Flame
Confirm with . or Enter, or press ? or * to list all spells.
Aiming: Sticky Flame
Press: ? - help, Shift-Dir - straight line The sticky flame hits something.
The sky beast is covered in liquid flames!
The sky beast burns!
The sky beast misses you.
The sky beast burns!
The sky beast burns!
The sky beast burns!
Casting: Sticky Flame
Confirm with . or Enter, or press ? or * to list all spells.
Aiming: Sticky Flame
Press: ? - help, Shift-Dir - straight line The sticky flame hits something.
The sky beast is covered in liquid flames!
The sky beast burns!
You kill the sky beast!
Vehumet accepts your kill.
Reactivating autopickup.
Your Spellcasting skill increases to level 7!
A troll comes into view.
The troll shouts!
You are feeling hungry.
The troll moves out of view.
Casting: Sticky Flame
Confirm with . or Enter, or press ? or * to list all spells.
Aiming: Flame Tongue
Press: ? - help, Shift-Dir - straight line, f - troll
Aim: a troll The flame tongue hits the troll.
The troll is moderately wounded.
An ogre comes into view. It is wielding a giant club.
Casting: Flame Tongue
Confirm with . or Enter, or press ? or * to list all spells.
Aiming: Flame Tongue
Press: ? - help, Shift-Dir - straight line, f/p - troll
Aim: a troll (moderately wounded)
The flame tongue hits the troll.
The troll is heavily wounded.
Casting: Flame Tongue
Confirm with . or Enter, or press ? or * to list all spells.
Aiming: Fireball
Press: ? - help, Shift-Dir - straight line, f/p - troll
Aim: a troll (heavily wounded)
The fireball explodes!
The fireball engulfs the troll.
The troll is severely wounded.
You hear a shout!
The troll bites you!! The troll claws you. The troll claws you!
Casting: Fireball
Confirm with . or Enter, or press ? or * to list all spells.
Aiming: Sticky Flame
Press: ? - help, Shift-Dir - straight line, f/p - troll
Aim: a troll (severely wounded)
The sticky flame hits the troll.
The troll is severely wounded.
The troll is covered in liquid flames!
The troll burns!
The troll bites you!
You die...

You could see a troll (burning) and an ogre.

Vanquished Creatures
  A hippogriff (D:8)
  A black bear (D:8)
  A sky beast (D:9)
  An ogre (D:9)
  3 giant frogs
  2 scorpions
  A water moccasin skeleton (D:9)
  A howler monkey (D:9)
  2 crimson imps
  3 hounds
  3 orc wizards (D:9)
  An orc priest (D:9)
  An iguana (D:4)
  4 worker ants
  5 adders
  An ooze (D:1)
  2 adder zombies (D:8)
  2 adder skeletons
  2 worms (D:3)
  A dart slug (D:1)
  A giant gecko (D:2)
  14 orcs
  A giant cockroach (D:4)
  4 hobgoblins
  7 jackals
  2 quokkas
  4 giant newts
  A jackal skeleton (D:5)
  A quokka skeleton (D:4)
  2 rats (D:3)
75 creatures vanquished.

Action                   |  1- 3 |  4- 6 |  7- 9 || total
-------------------------+-------+-------+-------++-------
Melee: Unarmed           |       |     2 |       ||     2
       Morningstar       |       |     7 |       ||     7
       Whip              |       |     6 |    35 ||    41
 Cast: Flame Tongue      |    64 |    40 |    27 ||   131
       Conjure Flame     |     1 |     2 |     1 ||     4
       Sticky Flame      |       |     3 |     6 ||     9
       Fireball          |       |       |     5 ||     5
Evoke: Wand              |       |       |     2 ||     2
  Use: Potion            |     1 |       |     6 ||     7
  Eat: Chunk             |       |     2 |     4 ||     6
Armor: Robe              |    11 |     4 |    10 ||    25
Dodge: Dodged            |    36 |    23 |    35 ||    94

Vault maps used:
D:1:      minmay_arrival_three_doors, kennysheep_boxes
D:2:      minitemple, first_bread
D:3:      marbit_many_paths, gammafunk_temple_overflow_elements,
          makhleb_heckhound_becter
D:5:      lemuel_doored_altar, temple_statues, uniq_crazy_yiuf_cottage
D:6:      nicolae_overflow_hidden_temple, okawaru_gym_becter,
          serial_bayou_pond_c, minmay_splitting_lines
D:7:      uniq_pikel, uniq_menkaure
D:8:      old_standard_altar, nicolae_qazlal_general_emergency,
          david_lair_shrubbed, serial_curves, eino_curves_01, eino_curves_01,
          eino_curves_02, eino_curves_02, special_room, uniq_erica
D:9:      the_bakery
